Map: Central Protocol

Players

Saadistic - Winner!

  • Race: Protoss Protoss
  • League: Platinum

VvV

  • Race: Protoss Protoss
  • League: Silver

VOD

Have the link to the VOD?

Description

Time

  • Played on: Nov. 15, 2015, 12:15 a.m.
  • Length: 5:01
Show
View Real Time Build Order
Export as new Build Order

Saadistic Protoss - Winner!

Build Orders: Oracle Opening 

Get SALT Encoding   

  12  0:01  Probe (Chrono Boost)  
  13  0:15  Pylon  
  13  0:17  Probe (Chrono Boost)  
  14  0:28  Probe (Chrono Boost)  
  15  0:36  Gateway  
  15  0:38  Probe (Chrono Boost)  
  16  0:49  Probe (Chrono Boost)  
  17  0:51  Assimilator  
  17  0:56  Assimilator  
  17  0:59  Probe (Chrono Boost)  
  18  1:10  Probe (Chrono Boost)  
  19  1:20  Probe (Chrono Boost)  
  20  1:26  Cybernetics Core  
  20  1:27  Pylon  
  20  1:31  Probe (Chrono Boost)  
  21  1:39  Gateway  
  21  1:41  Probe (Chrono Boost)  
  22  1:53  Probe (Chrono Boost)  
  23  2:02  Stalker (Chrono Boost)  
  23  2:03  Warp Gate (Chrono Boost)  
  23  2:06  Probe  
  26  2:18  Probe  
  27  2:27  Stargate  
  27  2:30  Stalker (Chrono Boost), Probe  
  30  2:46  Pylon  
  30  2:50  Pylon  
  30  2:51  Probe  
  31  3:04  Stalker  
  31  3:05  Stalker, Probe  
  36  3:15  Oracle (Chrono Boost)  
  39  3:26  Probe  
  40  3:34  Stalker  
  42  3:54  Probe  
  43  3:56  Sentry  
  45  4:16  Probe  
  44  4:28  Probe  
  41  4:34  Nexus  
  41  4:35  Pylon  
  41  4:37  Pylon  
  41  4:39  Pylon  
  41  4:41  Probe, Assimilator  
  40  4:46  Assimilator  
Show
View Real Time Build Order
Export as new Build Order

VvV Protoss 

Build Orders: Double Forge 

Get SALT Encoding   

  12  0:02  Probe (Chrono Boost)  
  13  0:13  Probe (Chrono Boost)  
  14  0:20  Pylon  
  14  0:23  Probe (Chrono Boost)  
  15  0:38  Probe (Chrono Boost)  
  15  0:39  Gateway  
  16  0:48  Probe (Chrono Boost)  
  17  0:50  Assimilator  
  17  0:58  Assimilator  
  17  0:59  Probe (Chrono Boost)  
  18  1:09  Probe (Chrono Boost)  
  19  1:17  Forge  
  19  1:20  Probe (Chrono Boost)  
  20  1:29  Zealot  
  20  1:31  Probe (Chrono Boost)  
  23  1:42  Cybernetics Core  
  23  1:55  Pylon  
  23  2:01  Protoss Ground Weapons Level 1 (Chrono Boost)  
  23  2:13  Probe  
  24  2:17  Zealot  
  24  2:21  Warp Gate (Chrono Boost)  
  26  2:25  Probe  
  26  2:29  Pylon  
  26  2:37  Probe  
  26  2:42  Gateway  
  27  2:46  Stalker  
  27  2:50  Probe  
  30  3:04  Probe  
  31  3:16  Stalker  
  33  3:20  Probe, Forge  
  34  3:30  Sentry  
  34  3:33  Probe  
  37  3:44  Pylon  
  37  3:49  Stalker  
  37  3:56  Probe  
  36  4:08  Stalker  
  38  4:10  Mothership Core  
  25  4:31  Probe  
  14  4:43  Probe  
Tags
 
Add a new tag
Caveats
  • Supply blocks, unpowered buildings, or Contaminate may cause inaccurate times.
  • Supply counts are checked every 10 seconds.